 Dungeon Crawl Stone Soup version 0.28-a0-938-gbc3f381ebc (webtiles) character file.

Game seed: 3760765729522266073

19 enile the Grasshopper (level 2, 0/24 HPs)
             Began as a Barachi Warper on Nov 29, 2021.
             Slain by a hobgoblin (2 damage)
             ... on level 1 of the Dungeon.
             The game lasted 00:03:13 (1115 turns).

enile the Grasshopper (Barachi Warper)              Turns: 1115, Time: 00:03:13

Health: 0/24       AC:  3    Str: 12    XL:     2   Next: 75%
Magic:  5/5        EV: 11    Int: 13    God:
Gold:   47         SH:  0    Dex: 11    Spells: 5/5 levels left

rFire   . . .      SeeInvis .   a - +0 falchion
rCold   . . .      Faith    .   (no shield)
rNeg    . . .      Spirit   .   b - +0 leather armour
rPois   .          Reflect  .   (no helmet)
rElec   .          Harm     .   (no cloak)
rCorr   .          Rampage  .   (no gloves)
Will    .....                   (no boots)
Stlth   +.........              (no amulet)
HPRegen 0.08/turn               (no ring)
MPRegen 0.09/turn               (no ring)

@: unable to hop, slow
A: amphibious, slowness 1, strong legs 1, +LOS
a: Hop


You were on level 1 of the Dungeon.
You visited 1 branch of the dungeon, and saw 2 of its levels.

You collected 47 gold pieces.

Inventory:

Hand Weapons
 a - a +0 falchion (weapon)
Missiles
 d - 2 boomerangs of dispersal (quivered)
 f - 39 stones
Armour
 b - a +0 leather armour (worn)
 e - a +0 ring mail
Scrolls
 c - a scroll of blinking
 g - a scroll of magic mapping {unknown}
 h - a scroll of identify {unknown}


   Skills:
 - Level 3.0 Fighting
 - Level 3.0 Long Blades
 - Level 1.0 Throwing
 - Level 2.0 Armour
 - Level 2.1 Dodging
 + Level 0.4 Stealth
 - Level 2.1 Spellcasting
 - Level 3.2 Translocations


You had 5 spell levels left.
You didn't know any spells.
Your spell library contained the following spells:

 Spells                   Type           Power      Damage    Failure   Level
 Blink                    Tloc           18%        N/A       12%         2
 Gell's Gravitas          Tloc           9%         N/A       24%         3
 Lesser Beckoning         Tloc           9%         N/A       24%         3
 Teleport Other           Tloc           9%         N/A       24%         3
 Manifold Assault         Tloc           9%         N/A       92%         5


Dungeon Overview and Level Annotations

Branches:
Dungeon (2/15)

Altars:


Innate Abilities, Weirdness & Mutations

You are amphibious.
You cover ground slowly.
You can hop short distances.
You have an extended range of vision and can be seen from far away.


Message History

You barely miss the adder.
The adder is lightly wounded.
The adder bites you but does no damage.
You miss the adder.
The adder is lightly wounded.
The adder closely misses you. The adder barely misses you.
You miss the adder.
The adder is lightly wounded.
The adder misses you.
You barely miss the adder.
The adder is lightly wounded.
The adder bites you. The hobgoblin hits you. The adder bites you.
You are poisoned.
The adder poisons you!
You hit the adder.
The adder is heavily wounded.
You feel sick. The hobgoblin hits you. The adder closely misses you.
The hobgoblin completely misses you.
You feel sick. The adder closely misses you. The hobgoblin misses you.
The adder bites you.
You climb upwards.
You feel sick.
There is a stone staircase leading down here.
Hop to where?
Press: ? - help, Dir - move target Boing!
You feel sick. The hobgoblin misses you.
You hit the hobgoblin.
The hobgoblin is severely wounded.
You feel sick.
You are no longer poisoned.
The hobgoblin hits you.
* * * LOW HITPOINT WARNING * * *
Unknown command.
Throw: 3 boomerangs (disperse)
Press: ? - help, Q - select action, (/) - cycle Shift-Dir - straight line, f - hobgoblin
Aim: a hobgoblin (severely wounded, 56% to hit)
You throw a boomerang of dispersal.
The boomerang of dispersal closely misses the hobgoblin.
The boomerang of dispersal closely misses the adder.
The hobgoblin hits you.
You die...

#†# #####.####
#...#.#...
#.#.#.....
#.#.#...##
###.#.#.....
#######...#.#..##.
#.................
#@#####...........
#g################
#S................
##################


You could see an adder and a hobgoblin.

Vanquished Creatures
  2 bats (D:1)
  2 endoplasms (D:1)
  A giant cockroach (D:1)
  A goblin (D:1)
  3 hobgoblins (D:1)
  3 quokkas (D:1)
  A ball python (D:1)
  A frilled lizard (D:1)
  A kobold (D:1)
  2 rats (D:1)
17 creatures vanquished.

Notes
Turn   | Place    | Note
-------+----------+-------------------------------------------
     0 | D:1      | enile the Barachi Warper began the quest for the Orb.
     0 | D:1      | Reached XP level 1. HP: 17/17 MP: 3/3
   479 | D:1      | Reached XP level 2. HP: 21/24 MP: 5/5
  1115 | D:1      | Slain by a hobgoblin

Illustrated notes

Levels and vault maps discovered:
D:1:      lemuel_arrival_broad_hall, layout_basic, grunt_decor_cap
D:2:      layout_basic, shapermc_ecumenical_altar_starsandcircs,
          kennysheep_generic_room_15

Skill      XL: |  1  2 |
---------------+-------+-----
Fighting       | 3 |  3.0
Long Blades    | 3 |  3.0
Armour         | 2 |  2.0
Throwing       | |  1.0
Dodging        | |  2.1
Stealth        | |  0.4
Spellcasting   | |  2.1
Translocations | |  3.2

Action                   || total
-------------------------++-------
Melee: Falchion          ||    79
Throw: Boomerang         ||     3
 Abil: Hop               ||     1
Armor: Leather armour    ||    31
Dodge: Dodged            ||    67

Table legend: (Time is in decaauts)
 A = Elapsed time spent in this place.
 B = Non-inter-level travel time spent in this place.
 C = Inter-level travel time spent in this place.
 D = Time resting spent in this place.
 E = Time spent auto-exploring this place.
 F = Levels seen in this place.
 G = Mean time per level.
                   A        B        C        D        E       F      G
               +--------+--------+--------+--------+--------+-----+--------+
         Total |   1233 |   1219 |     14 |      0 |   1011 |   2 |  616.5 |
       Dungeon |   1233 |   1219 |     14 |      0 |   1011 |   2 |  616.5 |
               +--------+--------+--------+--------+--------+-----+--------+

Top non-repeatable levels by time:
     D:1: 1223 daAuts
     D:2: 9 daAuts
